Map: Traitor's Exile

Players

SeaGeX

  • Race: Protoss Protoss
  • League: Platinum
  • Spawn Location: 5:00

Animosity

  • Race: Terran Terran
  • Spawn Location: 6:00

Winthrowe

  • Race: Terran Terran
  • League: Silver
  • Spawn Location: 12:00

Nikitta

  • Race: Terran Terran
  • Spawn Location: 9:00

VOD

Have the link to the VOD?

Description

Time

  • Played on: Sept. 3, 2017, 11:29 p.m.
  • Length: 3:17
Show
View Real Time Build Order
Export as new Build Order

SeaGeX Protoss 

Build Orders: Dark Templar Rush 

Get SALT Encoding   

  12  0:01  Probe (Chrono Boost)  
  13  0:11  Probe (Chrono Boost)  
  14  0:18  Pylon  
  14  0:23  Probe (Chrono Boost)  
  15  0:36  Probe (Chrono Boost)  
  15  0:40  Gateway  
  16  0:47  Probe (Chrono Boost)  
  17  0:50  Assimilator  
  17  0:58  Pylon  
  17  1:05  Probe (Chrono Boost)  
  18  1:15  Probe (Chrono Boost)  
  19  1:26  Probe (Chrono Boost)  
  19  1:29  Cybernetics Core  
  20  1:35  Assimilator  
  20  1:36  Probe (Chrono Boost)  
  21  1:51  Probe (Chrono Boost)  
  22  1:57  Gateway  
  22  1:58  Pylon  
  23  2:01  Probe (Chrono Boost)  
  23  2:07  Gateway  
  23  2:19  Twilight Council  
  23  2:30  Probe  
  23  2:34  Pylon  
  24  2:57  Dark Shrine  
Show
View Real Time Build Order
Export as new Build Order

Animosity Terran 

Build Orders:  

Get SALT Encoding   

  12  0:02  SCV  
  13  0:26  SCV, Supply Depot  
  14  0:38  SCV  
  15  0:51  SCV  
  15  0:52  Engineering Bay  
  15  0:55  Barracks  
  16  1:03  SCV  
  17  1:15  SCV  
  18  1:21  Refinery  
  18  1:23  Refinery  
  18  1:27  SCV  
  19  1:51  Command Center  
  19  2:05  Barracks  
  19  2:19  SCV  
  20  2:24  Barracks Reactor  
  20  2:31  SCV  
  21  2:39  Supply Depot  
  21  2:43  SCV  
  22  2:55  SCV  
  22  2:57  Barracks Tech Lab  
  23  3:02  Supply Depot  
Show
View Real Time Build Order
Export as new Build Order

Winthrowe Terran 

Build Orders:  

Get SALT Encoding   

  12  0:02  SCV  
  13  0:14  SCV  
  13  0:21  Supply Depot  
  14  0:28  SCV  
  15  0:49  SCV  
  16  0:58  Barracks  
  16  1:01  Refinery  
  16  1:10  SCV  
  17  1:29  SCV  
  18  1:41  SCV  
  19  1:52  Barracks  
  19  1:53  SCV  
  20  2:08  Marine  
  21  2:10  SCV  
  21  2:11  Command Center  
  22  2:25  Marine  
Show
View Real Time Build Order
Export as new Build Order

Nikitta Terran 

Build Orders:  

Get SALT Encoding   

Tags
 
Add a new tag
Caveats
  • Supply blocks, unpowered buildings, or Contaminate may cause inaccurate times.
  • Supply counts are checked every 10 seconds.